 Dungeon Crawl Stone Soup version 0.31-a0-1019-g3dd9dd1025 (webtiles) character file.

Game seed: 5420253770533003946

40996 Avanven the Bludgeoner (level 14, -3/75 HPs)
             Began as a Vine Stalker Fighter on Nov 17, 2023.
             Was a High Priest of the Shining One.
             Succumbed to a cane toad's poison
             ... on level 5 of the Lair of Beasts.
             The game lasted 00:39:26 (15375 turns).

Avanven the Bludgeoner (Vine Stalker Fighter)      Turns: 15375, Time: 00:39:26

Health: -3/75      AC: 26    Str: 24    XL:     14   Next: 13%
Magic:  19/19      EV:  7    Int:  8    God:    the Shining One [*****.]
Gold:   1109       SH:  4    Dex: 14    Spells: 13/13 levels left

rFire   . . .        v - +2 flail (protect)
rCold   . . .        c - +0 buckler
rNeg    + + .        I - +1 plate armour
rPois   .            f - +0 helmet
rElec   .            (no cloak)
rCorr   +            F - +0 pair of gloves
SInv    .            s - +0 pair of boots
Will    ++...        e - amulet of the acrobat Stlth
                     n - ring of willpower
HPRegen 1.12/turn    y - ring of resist corrosion
MPRegen 0.16/turn

%: acrobat, guardian spirit
@: lethally poisoned (-3 -> -32), under a protective aura, glowing
A: fangs 3, regeneration 1, magic shield, antimagic bite, no potion heal 2
a: Renounce Religion, Divine Shield, Cleansing Flame, Summon Divine Warrior


You were on level 5 of the Lair of Beasts.
You worshipped the Shining One.
The Shining One was extremely pleased with you.
You visited 3 branches of the dungeon, and saw 18 of its levels.

You collected 1109 gold pieces.

Inventory:

Hand Weapons
 a - a +0 whip of freezing
 o - a -2 demon whip of venom
 v - a +2 flail of protection (weapon)
 w - a +1 whip of flaming
Missiles
 t - 3 throwing nets
Armour
 c - a +0 buckler (worn)
 f - a +0 helmet (worn)
 s - a +0 pair of boots (worn)
 B - the +0 toga "Victory" {*Victory Clar}
   (You found it on level 7 of the Dungeon)

   *Victory:  When the wearer kills a threatening monster, it has a chance to
   gain +1 AC, +1 Slay, and +1 Int, capping at +7.
   When the wearer uses a scroll or a potion with a hostile monster in sight,
   its bonuses reset to +0.
   Unequipping it also resets its bonuses to +0.
   Clar:      It protects you from confusion, rage, mesmerisation and fear.
 F - a +0 pair of gloves (worn)
 I - a +1 plate armour (worn)
Jewellery
 b - a ring of protection from cold
 e - an amulet of the acrobat (around neck)
 h - a +5 ring of evasion
 n - a ring of willpower (left hand)
 x - a ring of fire
 y - a ring of resist corrosion (right hand)
 D - an amulet of faith
 E - a ring of ice
 O - an amulet of reflection
Wands
 p - a wand of flame (43)
 q - a wand of iceblast (8)
 r - a wand of paralysis (26)
 H - a wand of polymorph (8)
 N - a wand of mindburst (8)
Scrolls
 d - 5 scrolls of fog
 g - 6 scrolls of teleportation
 k - 3 scrolls of fear
 z - a scroll of enchant armour
 L - 4 scrolls of identify
 P - a scroll of poison
Potions
 i - 7 potions of curing
 j - 2 potions of heal wounds
 l - a potion of magic
 m - 4 potions of brilliance
 u - 2 potions of ambrosia
 A - 3 potions of lignification
 C - a potion of haste
 G - a potion of cancellation
 J - a potion of berserk rage
 K - a potion of resistance {unknown}
 M - a potion of mutation


   Skills:
 - Level 9.1 Fighting
 * Level 16.7 Maces & Flails
 + Level 9.9 Armour
 - Level 2.6 Shields
 + Level 6.1 Invocations


You had 13 spell levels left.
You didn't know any spells.
Your spell library contained the following spells:

 Spells                   Type           Power      Damage    Failure   Level
 Apportation              Tloc           0%         N/A       99%         1
 Slow                     Hex            0%         N/A       99%         1
 Summon Small Mammal      Summ           0%         N/A       99%         1
 Blink                    Tloc           0%         N/A       100%        2
 Jinxbite                 Hex            0%         N/A       100%        2
 Lesser Beckoning         Tloc           0%         N/A       100%        2
 Momentum Strike          Conj/Tloc      0%         3d8       100%        2
 Scorch                   Fire           0%         2d5       100%        2
 Sublimation of Blood     Necr           0%         N/A       100%        2
 Wereblood                Tmut           0%         N/A       100%        2
 Call Canine Familiar     Summ           0%         N/A       100%        3
 Confusing Touch          Hex            0%         N/A       100%        3
 Sigil of Binding         Hex            0%         N/A       100%        3
 Summon Guardian Golem    Hex/Summ       0%         N/A       100%        3
 Tukima's Dance           Hex            0%         N/A       100%        3
 Vampiric Draining        Necr           0%         2d6       100%        3
 Flame Wave               Conj/Fire      0%         2d4       100%        4
 Passage of Golubria      Tloc           0%         N/A       100%        4
 Alistair's Intoxication  Tmut/Pois      0%         N/A       100%        5
 Yara's Violent Unravell  Hex/Tmut       0%         3d3       100%        5
 Summon Cactus Giant      Summ           0%         N/A       100%        6
 Orb of Destruction       Conj           0%         9d5       100%        7
 Spellforged Servitor     Conj/Summ      0%         N/A       100%        7
 Summon Hydra             Summ           0%         N/A       100%        7


Dungeon Overview and Level Annotations

Branches:
Dungeon (12/15)            Temple (1/1) D:4            Lair (5/5) D:10
  Swamp (0/4) Lair:2       Spider (0/4) Lair:2          Orc (0/2) D:10
  Slime: Lair:4-5

Altars:
Ashenzari
Cheibriados
Dithmenos
Elyvilon
Fedhas
Gozag
Hepliaklqana
Kikubaaqudgha
Makhleb
Nemelex Xobeh
Okawaru
Qazlal
Ru
Sif Muna
Trog
Uskayaw
Vehumet
Wu Jian
Xom
Yredelemnul
Zin
The Shining One

Shops:
D:2 :   D:4 ?

Portals:
Abyss: D:3

Annotations:
D:3 2 transporters, Ralffi009's ghost, amateur HOFi
D:7 2 transporters, nms23's ghost, novice DsCj


Innate Abilities, Weirdness & Mutations

You have razor-sharp teeth.
Your natural rate of healing is unusually fast.
When hurt, damage is shared between your health and your magic reserves.
Your bite disrupts and absorbs the magic of your enemies.
Potions cannot restore your health.


Message History

You see here a black mamba corpse.
Your system rejects the healing.
You feel better.
You start resting.
HP restored.
There is a stone staircase leading down here.
You climb downwards.
The komodo dragon barely misses you. The cane toad stings you!
You are poisoned.
The cane toad poisons you! The komodo dragon bites you!
The cane toad stings you.
You are more poisoned.
The cane toad poisons you!
There is a stone staircase leading up, spattered with blood here.
You bludgeon the komodo dragon!!
Your weapon exudes an aura of protection.
You bite the komodo dragon, but do no damage.
The komodo dragon is heavily wounded.
You feel extremely sick. The cane toad stings you!
The komodo dragon bites you!!
* * * LOW HITPOINT WARNING * * *
You barely miss the komodo dragon.
You bite the komodo dragon, but do no damage.
The komodo dragon is heavily wounded.
* * * LOW HITPOINT WARNING * * *
You feel very sick. The cane toad stings you!
* * * LOW HITPOINT WARNING * * *
You are more poisoned.
The cane toad poisons you!
You sock the komodo dragon! You bite the komodo dragon! You drain its power.
You feel invigorated.
The komodo dragon is almost dead.
* * * LOW HITPOINT WARNING * * *
You feel extremely sick. The komodo dragon barely misses you.
A komodo dragon comes into view.
The komodo dragon hisses angrily.
You hit the komodo dragon.
You kill the komodo dragon!
You die...

..........###
............
...........##
..........#.###
...............
...............
...............
P......@†......
##......F......
#.............l
##.....$.......
#..............
#..............
#..............
#..............
...............


You could see a komodo dragon and a cane toad.

Vanquished Creatures
  5 hydras
  3 boulder beetles
  A two-headed ogre (D:11)
  The ghost of kskgo the Cleaver, a novice MiBe of Trog (D:9)
  3 death yaks (Lair:2)
  Amaemon (D:9)
  Sonja (D:9)
  A necromancer (Lair:3)
  Pikel (D:5)
  A deep elf pyromancer (D:12)
  2 ugly things (D:11)
  3 manticores (D:12)
  A cyclops (D:12)
  9 elephants
  8 black mambas
  7 cane toads
  A gargoyle (D:11)
  An orange demon (D:10)
  Jeremiah (D:8)
  8 komodo dragons
  A kobold demonologist (D:11)
  A rime drake (Lair:3)
  2 polar bears
  A troll (D:11)
  3 tyrant leeches (Lair:2)
  A hornet (D:8)
  Prince Ribbit (D:6)
  5 dream sheep (Lair:4)
  Sigmund (D:4)
  2 culicivoras (Lair:2)
  3 shadows
  3 wyverns
  20 yaks
  3 wraiths
  A vampire (D:12)
  3 basilisks
  A steam dragon (D:8)
  3 vampire mosquitoes (D:12)
  2 swamp worms (Lair:2)
  3 wargs (D:10)
  23 water moccasins
  An acid dragon (D:11)
  A sky beast (D:6)
  4 orc warriors
  A black bear (D:3)
  8 wolves
  3 ogres
  The ghost of dertzug the Ruffian, an amateur DrSh (D:4)
  14 centaurs
  3 phantoms (D:6)
  2 lemures (D:5)
  6 kobold brigands
  A gnoll sergeant (D:11)
  Blork the orc (D:5)
  11 bullfrogs
  2 scorpions (D:6)
  9 wights
  8 killer bees
  3 electric eels
  6 howler monkeys
  5 orc priests
  Crazy Yiuf (D:2)
  4 hounds
  A sleepcap (D:5)
  A gnoll bouda (D:4)
  Ijyb (D:4)
  An iguana (D:6)
  Natasha (thrice) (D:2)
  10 orc wizards
  A polar bear simulacrum (Lair:3)
  6 hell rats (Lair:1)
  A yak simulacrum (Lair:3)
  3 wolf simulacra (Lair:3)
  26 gnolls
  10 adders
  A river rat (Lair:3)
  2 shadow imps
  6 white imps
  3 ufetubi
  3 worms
  3 dart slugs
  33 orcs
  9 ball pythons
  8 endoplasms
  8 giant cockroaches
  5 hobgoblins
  30 jackals
  6 quokkas
  5 bats
  2 frilled lizards
  6 goblins
  31 kobolds
  3 rats
  6 river rat simulacra (Lair:3)
  A spectral orc (D:10)
472 creatures vanquished.

Notes
Turn   | Place    | Note
-------+----------+-------------------------------------------
     0 | D:1      | Avanven the Vine Stalker Fighter began the quest for the
                  | Orb.
     0 | D:1      | Reached XP level 1. HP: 11/11 MP: 2/2
    43 | D:1      | Reached skill level 2 in Maces & Flails
    47 | D:1      | Reached XP level 2. HP: 16/16 MP: 3/3
   298 | D:1      | Reached skill level 3 in Maces & Flails
   476 | D:1      | Reached XP level 3. HP: 19/19 MP: 4/4
   855 | D:2      | Reached XP level 4. HP: 19/23 MP: 5/5
   892 | D:2      | Found a runed translucent door.
   893 | D:2      | Noticed Crazy Yiuf
  1015 | D:2      | Noticed Natasha
  1019 | D:2      | Killed Natasha
  1020 | D:2      | Reached skill level 4 in Maces & Flails
  1038 | D:2      | Found Zafiurph's Book Shoppe.
  1041 | D:2      | Noticed Natasha
  1050 | D:2      | Killed Natasha
  1051 | D:2      | Reached XP level 5. HP: 19/27 MP: 6/6
  1228 | D:2      | Noticed Natasha
  1238 | D:2      | Killed Natasha
  1351 | D:2      | Killed Crazy Yiuf
  1352 | D:2      | Reached skill level 5 in Maces & Flails
  1503 | D:3      | Noticed a black bear
  1509 | D:3      | Killed a black bear
  1510 | D:3      | Reached XP level 6. HP: 32/32 MP: 7/7
  1588 | D:3      | Reached skill level 6 in Maces & Flails
  1820 | D:3      | Found a transporter.
  1828 | D:3      | Found a transporter.
  1828 | D:3      | Noticed a small abomination
  1856 | D:3      | Found a one-way gate to the infinite horrors of the Abyss.
  1856 | D:3      | Noticed Ralffi009's ghost (amateur HOFi)
  1894 | D:3      | Noticed a small abomination
  2436 | D:4      | Found a runed translucent door.
  2455 | D:4      | Found a staircase to the Ecumenical Temple.
  2501 | Temple   | Entered the Ecumenical Temple
  2539 | Temple   | Became a worshipper of the Shining One
  2568 | D:4      | Noticed dertzug's ghost (amateur DrSh)
  2588 | D:4      | Killed dertzug's ghost
  2589 | D:4      | Reached XP level 7. HP: 26/35 MP: 6/8
  2928 | D:4      | Reached skill level 7 in Maces & Flails
  3286 | D:4      | Reached skill level 8 in Maces & Flails
  3308 | D:4      | Gained mutation: You have razor-sharp teeth. [Vine Stalker
                  | growth]
  3308 | D:4      | Reached XP level 8. HP: 39/39 MP: 9/9
  3498 | D:4      | Noticed Sigmund
  3505 | D:4      | Killed Sigmund
  3506 | D:4      | Reached skill level 9 in Maces & Flails
  3676 | D:4      | Found The Oracle's Delphic Readings.
  3849 | D:4      | Noticed Ijyb
  3856 | D:4      | Killed Ijyb
  3955 | D:5      | Identified the "Wuan"
  3955 | D:5      | Entered Level 5 of the Dungeon
  3988 | D:5      | Found a burning altar of Makhleb.
  3989 | D:5      | Noticed Pikel
  4021 | D:5      | Killed Pikel
  4118 | D:5      | Found a bloodstained altar of Trog.
  4130 | D:5      | Reached XP level 9. HP: 36/45 MP: 7/10
  4396 | D:5      | Noticed Blork the orc
  4403 | D:5      | Killed Blork the orc
  4561 | D:5      | Found a glowing silver altar of Zin.
  4601 | D:6      | Reached skill level 10 in Maces & Flails
  4640 | D:6      | Reached * piety under the Shining One
  4679 | D:6      | Noticed Prince Ribbit
  4685 | D:6      | Killed Prince Ribbit
  4897 | D:6      | Reached skill level 5 in Fighting
  4923 | D:6      | Reached ** piety under the Shining One
  5095 | D:6      | Reached skill level 11 in Maces & Flails
  5226 | D:7      | Reached XP level 10. HP: 51/51 MP: 11/11
  5299 | D:7      | Reached skill level 5 in Armour
  5461 | D:7      | Found a transporter.
  5461 | D:7      | Noticed a moth of wrath
  5463 | D:7      | Noticed nms23's ghost (novice DsCj)
  5470 | D:7      | Found a transporter.
  5480 | D:7      | Noticed a two-headed ogre
  5481 | D:7      | Found a bloodstained altar of Trog.
  5621 | D:7      | Noticed a cyan ugly thing
  5674 | D:7      | Found a radiant altar of Vehumet.
  5721 | D:7      | Found an iron altar of Okawaru.
  5723 | D:7      | Found a runed translucent door.
  5727 | D:7      | Found the +0 toga "Victory" {*Victory Clar}
  6379 | D:8      | Noticed Jeremiah
  6394 | D:8      | Killed Jeremiah
  6714 | D:8      | Reached *** piety under the Shining One
  6895 | D:8      | Identified the +1 scale mail "Qixosh" {Will+ Regen+}
  6988 | D:8      | Reached skill level 12 in Maces & Flails
  7404 | D:9      | Found a sparkling altar of Nemelex Xobeh.
  7442 | D:9      | Found a shadowy altar of Dithmenos.
  7589 | D:9      | Found a runed translucent door.
  7589 | D:9      | Noticed kskgo's ghost (novice MiBe)
  7626 | D:9      | Killed kskgo's ghost
  7627 | D:9      | Reached XP level 11. HP: 41/58 MP: 9/12
  7905 | D:10     | Entered Level 10 of the Dungeon
  7905 | D:10     | Noticed Sonja
  7905 | D:10     | Noticed Amaemon
  7919 | D:9      | Killed Sonja
  7973 | D:9      | Killed Amaemon
  8110 | D:10     | You fall into a shaft and drop 2 floors!
  8110 | Gauntlet | Identified the "Riorarin"
  8183 | D:12     | Noticed a deep elf pyromancer
  8196 | D:12     | Killed a deep elf pyromancer
  8197 | D:12     | Reached skill level 13 in Maces & Flails
  8226 | D:12     | Noticed a manticore
  8242 | D:12     | Killed a manticore
  8435 | D:12     | Noticed a manticore
  8439 | D:12     | Killed a manticore
  8547 | D:11     | Noticed a boulder beetle
  8612 | D:11     | Killed a boulder beetle
  8829 | D:11     | Noticed a two-headed ogre
  9026 | D:10     | Found a staircase to the Lair.
  9026 | D:10     | Reached **** piety under the Shining One
  9136 | D:10     | Found a basalt altar of Yredelemnul.
  9300 | D:10     | Found a staircase to the Orcish Mines.
  9687 | D:11     | Reached XP level 12. HP: 57/64 MP: 13/13
  9721 | D:11     | Killed a two-headed ogre
  9794 | D:11     | Reached skill level 14 in Maces & Flails
 10155 | D:12     | Noticed a boulder beetle
 10180 | D:12     | Killed a boulder beetle
 10851 | Lair:1   | Entered Level 1 of the Lair of Beasts
 11530 | Lair:1   | Reached skill level 1 in Invocations
 11707 | Lair:2   | Reached skill level 15 in Maces & Flails
 11721 | Lair:2   | Found a hole to the Spider Nest.
 11756 | Lair:2   | Noticed a death yak
 11784 | Lair:2   | Noticed a death yak
 11784 | Lair:2   | Noticed a death yak
 11802 | Lair:2   | Killed a death yak
 11815 | Lair:2   | Killed a death yak
 11816 | Lair:2   | Reached XP level 13. HP: 68/70 MP: 15/15
 12168 | Lair:2   | Reached ***** piety under the Shining One
 12169 | Lair:2   | Found a staircase to the Swamp.
 13212 | Lair:3   | Identified the +1 fire dragon scales "Nyzxoxomm" {rF++ rC-
                  | Str+2}
 13470 | Lair:3   | Reached skill level 16 in Maces & Flails
 13804 | Lair:3   | Reached skill level 5 in Invocations
 14870 | Lair:4   | Reached XP level 14. HP: 64/75 MP: 15/19
 15098 | Lair:5   | Entered Level 5 of the Lair of Beasts
 15374 | Lair:5   | HP: 3/75 [poisoned by a cane toad]
 15375 | Lair:5   | Succumbed to a cane toad's poison

Illustrated notes

Levels and vault maps discovered:
D:1:      scummos_arrival_forest, layout_loops_ring, fountainhead,
          minmay_hexomino_f4
D:2:      layout_loops_ring, serial_shops, shop, uniq_natasha,
          uniq_crazy_yiuf_cottage
D:3:      layout_basic, gammafunk_ghost_abyssal_escape, grunt_ministairs_5
D:4:      lemuel_castle_with_subvaults [lemuel_castle_interior_carwin_2],
          layout_basic, minmay_temple_entry_poolview, gammafunk_ghost_grave,
          hex_intersection, nicolae_nh_oracle_at_delphi, uniq_ijyb, uniq_sigmund
D:5:      layout_loops_ring, overflow_temple_1_default, lemuel_round_altar,
          old_standard_altar, dk_noncrumbling_4, grunt_decor_cap,
          nicolae_zig_zag_zippers, uniq_pikel, uniq_blork_the_orc
D:6:      layout_rooms, st_stairs_2, centaur_isle, uniq_prince_ribbit1
D:7:      minmay_recursive_quarters, layout_rooms,
          nicolae_overflow_guarded_unrand_okawaru_victory,
          nicolae_vehumet_radiance, gammafunk_ghost_wrathful_warriors,
          lightli_corner_chamber
D:8:      layout_basic, uniq_jeremiah
D:9:      layout_long_grid, old_standard_altar, nemelex_diamond_rough_becter,
          gammafunk_ghost_grave
D:10:     layout_roguey, yredelemnul_forgotten_temple_becter,
          erik_lair_orcish_takeover, orc_0_dummy, serial_rivers,
          chequers_serial_rivers_room_b, chequers_serial_rivers_room_b,
          chequers_serial_rivers_large_b, chequers_serial_rivers_marsh,
          uniq_sonja, uniq_amaemon
D:11:     layout_basic
D:12:     layout_cave_pods, gauntlet_entry_generic, dk_vineyard_2,
          serial_bayou_ford_a
Temple:   nicolae_temple_two_arcs
Lair:1:   layout_regular_city
Lair:2:   layout_cellular_growth, minmay_swamp_entry_worms,
          spider_nest_entry_rubble, st_stairs_4, cheibrodos_lair_reptile_den,
          infiniplex_staircase_pool, lemuel_fruit_tree
Lair:3:   nzn_winding_woodlands_cross [nzn_winding_woodlands_5x15_jagged,
          nzn_winding_woodlands_5x15_longhouse,
          nzn_winding_woodlands_5x15_concentric,
          nzn_winding_woodlands_5x15_twine,
          nzn_winding_woodlands_15x15_eel_pit], layout_regular_city,
          eino_house_with_fridge
Lair:4:   layout_gridlike, grunt_megastairs_5
Lair:5:   evilmike_catoblepas_cave, layout_small_grid,
          minmay_slime_entry_oklob_open, st_stairs_13,
          infiniplex_staircase_pool_2

Skill      XL: |  1  2  3  4  5  6  7  8  9 10 11 12 13 14 |
---------------+-------------------------------------------+-----
Maces & Flails | 2 3 4 5 6 8 9 11 12 13 15 16 | 16.7
Fighting       | 3 5 6 8 9 |  9.1
Armour         | 3 4 6 7 8 9 |  9.9
Invocations    | 2 5 6 |  6.1
Shields        | |  2.6

Action                     |  1- 3 |  4- 6 |  7- 9 | 10-12 | 13-15 || total
---------------------------+-------+-------+-------+-------+-------++-------
  Melee: Flail             |    92 |   155 |   320 |   675 |   431 ||  1673
         Bite              |    14 |    38 |   100 |   308 |   199 ||   659
         Whip              |       |       |       |       |     3 ||     3
 Invoke: Divine Shield     |       |       |       |     4 |       ||     4
    Use: Potion            |       |     1 |     1 |     3 |     2 ||     7
         Scroll            |       |       |    11 |     8 |     1 ||    20
 Armour: Scale mail        |    68 |    75 |   233 |    59 |       ||   435
         Plate armour      |       |       |       |   395 |   330 ||   725
  Dodge: Dodged            |    55 |    67 |   194 |   243 |   133 ||   692
  Block: Buckler           |    19 |    25 |    75 |   139 |    58 ||   316

Table legend: (Time is in decaauts)
 A = Elapsed time spent in this place.
 B = Non-inter-level travel time spent in this place.
 C = Inter-level travel time spent in this place.
 D = Time resting spent in this place.
 E = Time spent auto-exploring this place.
 F = Levels seen in this place.
 G = Mean time per level.
                   A        B        C        D        E       F      G
               +--------+--------+--------+--------+--------+-----+--------+
         Total |  15182 |  14713 |    469 |    998 |   9456 |  18 |  843.4 |
       Dungeon |  10807 |  10411 |    396 |    443 |   6894 |  12 |  900.6 |
        Temple |     49 |     49 |      0 |      0 |      0 |   1 |   49.0 |
          Lair |   4324 |   4251 |     73 |    555 |   2562 |   5 |  864.8 |
               +--------+--------+--------+--------+--------+-----+--------+

Top non-repeatable levels by time:
     D:4: 1622 daAuts
     D:8: 1350 daAuts
  Lair:2: 1227 daAuts
  Lair:3: 1131 daAuts
  Lair:4: 1115 daAuts
    D:12: 1069 daAuts
    D:11: 1032 daAuts
     D:3: 859 daAuts
     D:2: 825 daAuts
  Lair:1: 814 daAuts
     D:9: 756 daAuts
    D:10: 711 daAuts
     D:1: 677 daAuts
     D:7: 676 daAuts
     D:5: 638 daAuts
